 Dungeon Crawl Stone Soup version 0.22-a0-377-g846bec1a06 (webtiles) character file.

4724 D1HalberdGnoll the Carver (level 10, -1/79 HPs)
             Began as a Demonspawn Monk on Apr 27, 2018.
             Was a Priest of Makhleb.
             Slain by an unseen horror (9 damage)
             ... on level 8 of the Dungeon.
             The game lasted 00:12:28 (9814 turns).

D1HalberdGnoll the Carver (Demonspawn Monk)         Turns: 9814, Time: 00:12:28

Health: -1/79      AC: 11    Str: 14    XL:     10   Next: 22%
Magic:  13/13      EV: 18    Int: 11    God:    Makhleb [***...]
Gold:   378        SH: 12    Dex: 22    Spells: 9/9 levels left

rFire    + + .     SeeInvis .   b - +3 Elemental Staff {rElec rF++ rC++ MR++ AC+5}
rCold    + + .     Gourm    .   m - +0 buckler
rNeg     . . .     Faith    .   v - +0 ring mail (curse)
rPois    .         Spirit   .   (no helmet)
rElec    +         Reflect  .   (no cloak)
rCorr    .         Harm     .   (no gloves)
MR       ++...                  (no boots)
Stlth    +++++.....             q - amulet of magic regeneration
HPRegen  0.23/turn              n - +1 ring of slaying
MPRegen  0.38/turn              (no ring)

@: agile
A: talons 2, large bone plates 2, nightstalker 2
a: Minor Destruction, Lesser Servant of Makhleb, Renounce Religion


You were on level 8 of the Dungeon.
You worshipped Makhleb.
Makhleb was most pleased with you.
You were not hungry.

You visited 2 branches of the dungeon, and saw 9 of its levels.

You collected 378 gold pieces.

Inventory:

Hand Weapons
 a - a +0 falchion
 b - the +3 Elemental Staff (weapon) {rElec rF++ rC++ MR++ AC+5}
   (You found it on level 4 of the Dungeon)

   It affects your AC (+5).
   It greatly protects you from fire.
   It greatly protects you from cold.
   It insulates you from electricity.
   It affects your resistance to hostile enchantments.
Armour
 m - a +0 buckler (worn)
 v - a cursed +0 ring mail (worn)
Jewellery
 n - a +1 ring of slaying (left hand)
 q - an amulet of magic regeneration (around neck)
Wands
 i - a wand of disintegration (3)
 s - a wand of paralysis (4)
 y - a wand of polymorph (16)
Scrolls
 f - a scroll of identify
 h - 5 scrolls of remove curse {unknown}
 j - 4 scrolls of enchant weapon {unknown}
 k - 3 scrolls of fog {unknown}
 l - a scroll of enchant armour {unknown}
 r - a scroll of summoning {unknown}
 u - 2 scrolls of fear {unknown}
 w - 2 scrolls of teleportation {unknown}
 A - 2 scrolls of amnesia {unknown}
Potions
 d - 3 potions of brilliance
 o - a potion of might
 p - 2 potions of flight
 t - a potion of magic
 x - a potion of haste
 z - a potion of mutation
Comestibles
 c - 14 rations


   Skills:
 + Level 7.4 Fighting
 * Level 9.3 Long Blades
 + Level 6.1 Armour
 - Level 3.1 Dodging
 - Level 1.7 Stealth
 - Level 4.0 Shields
 + Level 4.8 Invocations


You had 9 spell levels left.
You didn't know any spells.

Dungeon Overview and Level Annotations

Branches:
Dungeon (8/15)             Temple (1/1) D:6
   Lair: D:8-11

Altars:
Ashenzari
Cheibriados
Elyvilon
Fedhas
Hepliaklqana
Kikubaaqudgha
Makhleb
Nemelex Xobeh
Okawaru
Qazlal
Ru
Sif Muna
Trog
Uskayaw
Vehumet
Wu Jian
Xom
Yredelemnul
Zin
The Shining One

Shops:
D:5 [   D:8 *


Innate Abilities, Weirdness & Mutations

You have razor-sharp toenails.
You are mostly covered in large bone plates. (SH +6)
You are significantly more attuned to the shadows.


Message History

You closely miss something. You claw something.
Something hits you but does no damage. x2; Something hits you.
You hit something but do no damage. Something hits you! x2
* * * LOW HITPOINT WARNING * * *
You hit something. Your kick misses something. Something hits you!
* * * LOW HITPOINT WARNING * * *
It was a potion of agility.
You feel agile all of a sudden. Something barely misses you.
Something hits you but does no damage.
Okay, then.
Okay, then.
Something hits you but does no damage. Something hits you!
* * * LOW HITPOINT WARNING * * *
All of the chunks of flesh in your inventory have rotted away.
Something misses you.
As you read the scroll labeled TITOELURIPH, it crumbles to dust.
The creatures around you are filled with an inner flame!
It was a scroll of immolation.
Something hits you!
You die...

#.#.###.# #.#### #.##...###
#..... #..##'##.# #...#.
#........# ###..##.
#####........# ######.......
#.....#####'#####...##.#.###.
#.....# #.........##.#.###.
#.....#####.#####......#.....
#........Z.{@............####
#......####.##.#.##.......###
#......#....##.#...#.#.#.....
#......#.#.....#.#.#.#....#..
#......#....####...#.....##..
#......###.....>.....##......
#.#####.###.##.##### #.#
#...# #....# # #.# #.###
#....#####


You could see a hound zombie (inner flame).

Vanquished Creatures
  A two-headed ogre (D:8)
  The ghost of D1HalberdGnoll the Poker, a novice DsMo of Makhleb (D:5)
  Grinder (D:3)
  A hungry ghost (D:8)
  2 orc warriors
  2 ice beasts
  3 sky beasts
  2 ogres
  6 centaurs
  A big kobold (D:8)
  7 bullfrogs
  A crocodile (D:7)
  Blork the orc (D:4)
  A scorpion (D:5)
  3 wights (D:6)
  3 crimson imps (D:7)
  A centaur zombie (D:8)
  4 hounds
  13 orc wizards
  5 orc priests
  A centaur skeleton (D:4)
  4 iguanas
  Natasha (thrice) (D:4)
  3 worker ants
  A killer bee zombie (D:8)
  A worker ant zombie (D:8)
  6 gnolls
  11 adders
  3 shadow imps
  4 oozes
  5 worms
  2 dart slugs (D:1)
  9 leopard geckos
  30 orcs
  A ball python (D:4)
  6 giant cockroaches
  5 goblins
  7 hobgoblins
  13 jackals
  14 kobolds
  5 quokkas
  8 bats
  7 frilled lizards
  A jackal simulacrum (D:8)
  A jackal skeleton (D:5)
  A leopard gecko skeleton (D:5)
  A quokka zombie (D:7)
  9 rats
221 creatures vanquished.

Notes
Turn   | Place    | Note
-------+----------+-------------------------------------------
     0 | D:1      | D1HalberdGnoll the Demonspawn Monk began the quest for the Orb.
     0 | D:1      | Reached XP level 1. HP: 18/18 MP: 1/1
    73 | D:1      | Gained mutation: You have sharp toenails. [demonic ancestry]
    73 | D:1      | Reached XP level 2. HP: 24/24 MP: 2/2
   156 | D:1      | Reached skill level 3 in Long Blades
   604 | D:1      | Gained mutation: You are slightly more attuned to the shadows. [demonic ancestry]
   604 | D:1      | Reached XP level 3. HP: 29/29 MP: 3/3
  1167 | D:2      | Reached skill level 1 in Armour
  1438 | D:2      | Reached XP level 4. HP: 33/35 MP: 4/4
  1553 | D:2      | Found a bloodstained altar of Trog.
  1553 | D:2      | Found an iron altar of Okawaru.
  2116 | D:3      | Noticed Grinder
  2120 | D:3      | Killed Grinder
  2120 | D:3      | Reached skill level 4 in Long Blades
  2120 | D:3      | Reached skill level 1 in Shields
  2120 | D:3      | Reached XP level 5. HP: 31/42 MP: 5/5
  2120 | D:3      | Gained mutation: You are partially covered in large bone plates. (SH +4) [demonic ancestry]
  2120 | D:3      | Reached XP level 6. HP: 35/48 MP: 6/6
  2952 | D:4      | Noticed Blork the orc
  2955 | D:4      | Killed Blork the orc
  2988 | D:4      | Found a shattered altar of Ashenzari.
  3028 | D:4      | Found the +3 Elemental Staff {rElec rF++ rC++ MR++ AC+5}
  3239 | D:4      | Noticed Natasha
  3249 | D:4      | Killed Natasha
  3411 | D:4      | Reached skill level 5 in Long Blades
  3416 | D:4      | Gained mutation: You are significantly more attuned to the shadows. [demonic ancestry]
  3416 | D:4      | Reached XP level 7. HP: 20/55 MP: 7/7
  3881 | D:4      | Noticed Natasha
  3892 | D:4      | Killed Natasha
  4318 | D:4      | Noticed Natasha
  4336 | D:4      | Killed Natasha
  4436 | D:5      | Entered Level 5 of the Dungeon
  5064 | D:5      | Found a bloodstained altar of Trog.
  5109 | D:5      | Reached skill level 5 in Fighting
  5109 | D:5      | Reached skill level 6 in Long Blades
  5109 | D:5      | Gained mutation: You are mostly covered in large bone plates. (SH +6) [demonic ancestry]
  5109 | D:5      | Reached XP level 8. HP: 55/62 MP: 8/8
  5319 | D:5      | Noticed D1HalberdGnoll's ghost (novice DsMo)
  5363 | D:5      | Killed D1HalberdGnoll's ghost
  5766 | D:5      | Found Waiwneshro's Armour Boutique.
  5802 | D:5      | Reached skill level 7 in Long Blades
  6221 | D:6      | Found a hide-covered altar of Uskayaw.
  6241 | D:6      | Reached XP level 9. HP: 33/69 MP: 9/9
  6536 | D:6      | Found a burning altar of Makhleb.
  6553 | D:6      | Became a worshipper of Makhleb the Destroyer
  6553 | D:6      | Reached * piety under Makhleb
  6553 | D:6      | Reached ** piety under Makhleb
  6635 | D:6      | Reached skill level 5 in Armour
  6647 | D:6      | Reached skill level 1 in Invocations
  6851 | D:6      | Found a staircase to the Ecumenical Temple.
  6872 | Temple   | Entered the Ecumenical Temple
  7297 | D:6      | Found a white marble altar of Elyvilon.
  7302 | D:6      | Found an ornate altar of the Wu Jian Council.
  7302 | D:6      | Found a glowing silver altar of Zin.
  7546 | D:7      | Reached skill level 8 in Long Blades
  8103 | D:7      | Found an ancient bone altar of Kikubaaqudgha.
  8201 | D:7      | Noticed Joseph
  8215 | D:7      | Noticed Joseph
  8215 | D:7      | Joseph changed into Joseph the crocodile
  8223 | D:7      | Killed Joseph the crocodile
  8945 | D:8      | Reached *** piety under Makhleb
  9225 | D:8      | Found Xyagruygywk's General Store.
  9324 | D:8      | Noticed a two-headed ogre
  9347 | D:8      | Killed a two-headed ogre
  9347 | D:8      | Reached skill level 9 in Long Blades
  9347 | D:8      | Gained mutation: You have razor-sharp toenails. [demonic ancestry]
  9347 | D:8      | Reached XP level 10. HP: 50/79 MP: 13/13
  9814 | D:8      | Slain by an unseen horror

Vault maps used:
D:1:      saegor_arrival_under_anarchy, serial_co_window_serial,
          co_window_of_opportunity_a, co_window_paths_b, co_window_corner_a,
          co_window_paths_a, co_window_cross_1, co_window_paths_a,
          co_window_corner_a, co_window_paths_b, co_window_corner_a,
          co_window_unsneaky_path_d, co_window_2corner,
          co_window_of_opportunity_b, co_window_corner_b, glass_columns_a,
          glass_columns_a, glass_columns_b, glass_columns_a, glass_columns_c
D:2:      chequers_temple_overflow_statue_of_worship, serial_bayou,
          serial_bayou_ford_a, serial_bayou_lake_a, serial_bayou_lagoon_b,
          serial_bayou_shore_b, minmay_splitting_lines, minmay_misc_feat_alley
D:3:      first_ration, grunt_decor_mini_mirrors, uniq_grinder
D:4:      nicolae_ashenzari_panopticon, uniq_blork_the_orc, uniq_natasha
D:5:      serial_shops, kennysheep_little_box, roderic_serpentine_path,
          trog_three_pillars_becter
D:6:      lemuel_round_altar, minitemple, minmay_temple_entry_junction,
          makhleb_heckhound_becter
D:7:      kennysheep_mini, grunt_ogre_cave, uniq_joseph
D:8:      lemuel_doored_altar, serial_shops, shop, kennysheep_just_a_vault
Temple:   dshaligram_water_room_temple

Skill      XL: |  1  2  3  4  5  6  7  8  9 |
---------------+----------------------------+-----
Long Blades    | 3 4 5 6 7 9 |  9.3
Dodging        | 3 |  3.1
Armour         | 1 2 3 4 6 |  6.1
Fighting       | 4 5 6 7 |  7.4
Shields        | 1 2 3 4 |  4.0
Invocations    | 4 |  4.8
Stealth        | |  1.7

Action                   |  1- 3 |  4- 6 |  7- 9 | 10-12 || total
-------------------------+-------+-------+-------+-------++-------
Melee: Falchion          |    89 |   121 |     3 |       ||   213
       Kick              |    19 |    35 |   243 |    25 ||   322
       Staff             |       |       |   686 |    57 ||   743
Invok: Lesser Servant of |       |       |     1 |       ||     1
Evoke: Wand              |       |     6 |    12 |       ||    18
  Use: Potion            |       |       |     3 |     1 ||     4
       Scroll            |       |       |     8 |     1 ||     9
 Stab: Sleeping          |     7 |     8 |    17 |     1 ||    33
       Invisible         |       |       |     3 |       ||     3
       Paralysed         |       |       |    15 |       ||    15
  Eat: Chunk             |     2 |     6 |    17 |     3 ||    28
       Ration            |       |       |     1 |     1 ||     2
Armor: Robe              |     6 |       |       |       ||     6
       Ring mail         |    11 |    22 |   206 |    38 ||   277
Dodge: Dodged            |    65 |    45 |   313 |    39 ||   462
Block: Buckler           |       |    30 |   408 |    60 ||   498
       Rpst.: Falchion   |    17 |    12 |       |       ||    29

Table legend:
 A = Spawn XP
 B = Non-spawn XP
 C = Spawn XP percentage of total XP
 D = Spawn monster count
 E = Non-spawn monster count
 F = Spawn count percentage of total count
 G = Total turns spent on level
                    A         B        C        D         E        F      G
               +---------+---------+-------+---------+---------+-------+---------
         Total |       0 |    6749 |   0.0 |       0 |     221 |   0.0 |  9814
               +---------+---------+-------+---------+---------+-------+---------
           D:1 |       0 |      48 |   0.0 |       0 |      22 |   0.0 |  1061
           D:2 |       0 |      68 |   0.0 |       0 |      21 |   0.0 |   903
           D:3 |       0 |     394 |   0.0 |       0 |      30 |   0.0 |  1153
           D:4 |       0 |     597 |   0.0 |       0 |      26 |   0.0 |  1339
           D:5 |       0 |    1253 |   0.0 |       0 |      34 |   0.0 |  1415
           D:6 |       0 |    1116 |   0.0 |       0 |      27 |   0.0 |  1395
           D:7 |       0 |    1560 |   0.0 |       0 |      30 |   0.0 |  1401
           D:8 |       0 |    1713 |   0.0 |       0 |      31 |   0.0 |   959
               +---------+---------+-------+---------+---------+-------+---------
